[Event "Titled Tuesday Blitz July 27 2021"]
[White "Dvirnyy, Danyyil"]
[Black "Ozates, Tuna"]
[WhiteFideId "817570"]
[BlackFideId "6354521"]
[WhiteElo "2531"]
[BlackElo "1872"]
[Result "1-0"]
[Round "08"]
[TimeControl "180+1"]
[Date "2021.07.27"]
[WhiteClock "0:00:05"]
[BlackClock "0:00:01"]

1. c4 c5 2. g3 Nc6 3. Bg2 g6 4. Nc3 Bg7 5. e3 d6 6. Nge2 e5 7. b3 Nge7 8. Bb2 O-O 9. O-O Be6 10. h3 Qd7 11. Kh2 f5 12. f4 e4 13. d3 d5 14. dxe4 dxe4 15. Qxd7 Bxd7 16. Rad1 Be6 17. g4 Rfd8 18. Kg3 Nb4 19. Nc1 Nc2 20. Kf2 Nc6 21. Na4 Bxb2 22. Nxb2 fxg4 23. Bxe4 g3+ 24. Kf3 g2 25. Rg1 Rxd1 26. Rxd1 Rd8 27. Rxd8+ Nxd8 28. Kxg2 Nxe3+ 29. Kf3 Nf5 30. Ne2 Kf7 31. Nd3 b6 32. Ne5+ Ke7 33. Nd3 Nd6 34. h4 Nxe4 35. Kxe4 Bf5+ 36. Ke3 Bxd3 37. Kxd3 Nc6 38. Ke4 Ke6 39. Ng3 Nd4 40. Ke3 Nf5+ 41. Nxf5 Kxf5 42. Kf3 a6 43. Kg3 Ke4 44. Kg4 h6 45. a3 b5 46. cxb5 axb5 47. a4 bxa4 48. bxa4 c4 49. a5 Kd5 50. a6 Kc6 51. Kf3 Kb6 52. h5 c3 53. hxg6 c2 54. g7 c1=Q 55. g8=Q Qf1+ 56. Ke4 Qe2+ 57. Kf5 Qd3+ 58. Kf6 Qd4+ 59. Kf5 Qd3+ 60. Kg4 Qe2+ 61. Kh3 Qf1+ 62. Qg2 Qd3+ 63. Qg3 Qf5+ 64. Qg4 Qd3+ 65. Kh4 Qd8+ 66. Kh5 Kxa6 67. Kxh6 Qh8+ 68. Kg5 Qg7+ 69. Kh4 Qh8+ 70. Qh5 Qf6+ 71. Qg5 Qh8+ 72. Kg4 Qc8+ 73. f5 Qc4+ 74. Qf4 Qg8+ 75. Kh4 Qh8+ 76. Kg4 Qg8+ 77. Qg5 Qc4+ 78. Kh5 Qe2+ 79. Qg4 Qh2+ 80. Kg6 Qc2 81. Qd4 Qg2+ 82. Kf7 Qb7+ 83. Ke6 Qc8+ 84. Qd7 Qc4+ 85. Qd5 Qe2+ 86. Qe5 Qc4+ 87. Ke7 Qh4+ 88. f6 Qh7+ 89. f7 1-0


[Site "https://www.chess.com"]

[Event "Titled Tuesday Blitz July 27 2021"]
[White "Fakhrutdinov, Timur"]
[Black "Ivanov, Oleg"]
[WhiteFideId "24176702"]
[BlackFideId "4103114"]
[WhiteElo "2405"]
[BlackElo "2762"]
[Result "0-1"]
[Round "08"]
[TimeControl "180+1"]
[Date "2021.07.27"]
[WhiteClock "0:00:05"]
[BlackClock "0:00:38"]

1. e4 d5 2. exd5 Qxd5 3. Nc3 Qd6 4. d4 Nf6 5. Nf3 c6 6. g3 Bg4 7. Bg2 e6 8. O-O Be7 9. Ne2 O-O 10. h3 Bxf3 11. Bxf3 Qc7 12. c3 Nbd7 13. Nf4 e5 14. dxe5 Nxe5 15. Bg2 Rad8 16. Qc2 Bc5 17. Re1 Rfe8 18. Be3 Bxe3 19. Rxe3 Nc4 20. Rxe8+ Rxe8 21. b3 Na3 22. Qd2 Nb5 23. a4 Nd6 24. Re1 Rxe1+ 25. Qxe1 Kf8 26. Nd3 b6 27. Qe5 c5 28. Nf4 Qe7 29. Qxe7+ Kxe7 30. Kf1 g5 31. Ne2 Nd7 32. f4 f6 33. Kf2 Ke6 34. Ke3 h6 35. Kd3 c4+ 36. bxc4 Nc5+ 37. Kd4 Nxa4 38. Bd5+ Ke7 39. g4 Nc5 40. fxg5 hxg5 41. Ng3 a5 42. Ke3 a4 43. Kd2 Nb3+ 44. Kc2 Na5 45. Ne2 Naxc4 46. Nd4 Ne3+ 0-1


[Site "https://www.chess.com"]

[Event "Titled Tuesday Blitz July 27 2021"]
[White "Gabrielian, Artur"]
[Black "Stoyanov, Tsvetan"]
[WhiteFideId "4131002"]
[BlackFideId "2917173"]
[WhiteElo "2523"]
[BlackElo "2198"]
[Result "1-0"]
[Round "08"]
[TimeControl "180+1"]
[Date "2021.07.27"]
[WhiteClock "0:00:21"]
[BlackClock "0:00:04"]

1. d4 Nf6 2. c4 e6 3. Nc3 d5 4. cxd5 Nxd5 5. Nf3 Nxc3 6. bxc3 c5 7. e3 Nc6 8. Bd3 Bd6 9. O-O h6 10. Bc2 b6 11. Nd2 Bb7 12. Qg4 Qc7 13. Nf3 O-O-O 14. a4 g5 15. a5 h5 16. Qxg5 Rdg8 17. axb6 axb6 18. Qf6 Bxh2+ 19. Kh1 Bd6 20. dxc5 Bxc5 21. Be4 h4 22. Rd1 h3 23. g3 Ne7 24. Bxb7+ Qxb7 25. Qxf7 Qe4 26. Qf4 Qc6 27. e4 Rf8 28. Qe5 Ng6 29. Qg7 Rxf3 30. Qxg6 Rxf2 31. Bf4 Rxf4 32. gxf4 Be7 33. Ra7 Rd8 34. Rxd8+ Bxd8 35. Kh2 Qc4 36. Ra8+ Kb7 37. Rxd8 Qe2+ 38. Kxh3 Qf3+ 39. Qg3 Qh5+ 40. Kg2 Qe2+ 41. Qf2 Qg4+ 42. Kf1 Qh3+ 43. Ke2 Qh5+ 44. Kd2 1-0


[Site "https://www.chess.com"]

[Event "Titled Tuesday Blitz July 27 2021"]
[White "Goncalves, Ivan Mesquita V"]
[Black "Bok, Benjamin"]
[WhiteFideId "2114224"]
[BlackFideId "1017063"]
[WhiteElo "2299"]
[BlackElo "2658"]
[Result "0-1"]
[Round "08"]
[TimeControl "180+1"]
[Date "2021.07.27"]
[WhiteClock "0:00:14"]
[BlackClock "0:01:28"]

1. d4 Nf6 2. Nf3 d5 3. Bf4 c5 4. e3 Nc6 5. Nbd2 Qb6 6. dxc5 Qxb2 7. Rb1 Qc3 8. Bb5 g6 9. Be5 Qxc5 10. Bxf6 exf6 11. O-O Bg7 12. Qe2 O-O 13. Nb3 Qa3 14. Rfd1 a6 15. Bxc6 bxc6 16. Nfd4 Bd7 17. c4 c5 18. Nc2 Qxa2 19. cxd5 Rab8 20. Ncd4 Qxe2 21. Nxe2 Bf5 22. Rb2 c4 23. e4 Bxe4 0-1


[Site "https://www.chess.com"]

[Event "Titled Tuesday Blitz July 27 2021"]
[White "Gontcharov, Vladislav"]
[Black "Jian, Alex"]
[WhiteFideId "4123492"]
[BlackFideId "30901022"]
[WhiteElo "2503"]
[BlackElo "2111"]
[Result "1-0"]
[Round "08"]
[TimeControl "180+1"]
[Date "2021.07.27"]
[WhiteClock "0:00:26"]
[BlackClock "0:00:01"]

1. e4 c5 2. Nf3 Nc6 3. d4 cxd4 4. Nxd4 Nf6 5. Nc3 e5 6. Ndb5 d6 7. Bg5 a6 8. Na3 b5 9. Nd5 Be7 10. Bxf6 Bxf6 11. c4 b4 12. Nc2 a5 13. g3 O-O 14. h4 Be6 15. Bh3 Bxd5 16. cxd5 Nb8 17. O-O Na6 18. Qe2 Nc5 19. Ne1 Qb6 20. Nd3 Rfd8 21. Rac1 Qb5 22. Rfd1 Ra7 23. Qe3 Rc7 24. Ne1 g6 25. Ng2 Rb8 26. g4 Rbb7 27. g5 Be7 28. Ne1 Bf8 29. Bf1 Qb6 30. b3 Qa7 31. Bc4 Qb8 32. Ng2 Bg7 33. Rf1 Qa7 34. Kh2 a4 35. f4 Nd7 36. Qxa7 Rxa7 37. f5 axb3 38. axb3 Nc5 39. f6 Bf8 40. Rfe1 Ra3 41. Rb1 Rca7 42. Kg3 Na4 43. Ra1 Nb6 44. Rxa3 Rxa3 45. Ne3 Nd7 46. Kf3 Nc5 47. Nc2 Ra2 48. Nxb4 Rb2 49. Re3 Rb1 50. Nc6 Rh1 51. Kg3 Rb1 52. b4 Na4 53. Rb3 Nb6 54. Rxb1 Nxc4 55. b5 Nb6 56. Ra1 Nc4 57. Ra8 Nd2 58. Ne7+ 1-0


[Site "https://www.chess.com"]

[Event "Titled Tuesday Blitz July 27 2021"]
[White "Grigorjev, Iljya"]
[Black "Onyshchuk, Volodymyr"]
[WhiteFideId "24159565"]
[BlackFideId "14114038"]
[WhiteElo "2142"]
[BlackElo "2603"]
[Result "0-1"]
[Round "08"]
[TimeControl "180+1"]
[Date "2021.07.27"]
[WhiteClock "0:00:01"]
[BlackClock "0:00:19"]

1. Nf3 g6 2. g3 Bg7 3. Bg2 Nf6 4. O-O O-O 5. c4 d6 6. Nc3 Nc6 7. d3 e5 8. Rb1 a5 9. a3 Re8 10. b4 axb4 11. axb4 Nd4 12. e3 Ne6 13. Bb2 c6 14. Nd2 d5 15. cxd5 cxd5 16. Qb3 d4 17. Nce4 Nxe4 18. Nxe4 dxe3 19. fxe3 Qe7 20. Kh1 h5 21. Nc5 Nxc5 22. bxc5 Be6 23. Qxb7 Qxc5 24. d4 exd4 25. exd4 Bxd4 26. Rbc1 Qb6 27. Bxd4 Qxd4 28. Qxa8 Rxa8 29. Bxa8 h4 30. gxh4 Qxh4 31. Bg2 Kg7 32. Rce1 Qd4 33. Re4 Qd2 34. Ref4 f5 35. R4f2 Qd4 36. Rf4 Qe5 37. R4f2 g5 38. Bh3 g4 39. Bg2 Kg6 40. Kg1 Kg5 41. Kh1 Qd4 42. Ba8 g3 43. hxg3 Qh8+ 44. Kg1 Qxa8 45. Re1 Qc6 46. Ref1 Qe4 47. Kh2 Qe3 48. Rf4 Bd7 49. R1f2 Kg6 50. R4f3 Qh6+ 51. Kg1 Bc6 52. Rf1 Qh3 53. Rxf5 Qg2# 0-1


[Site "https://www.chess.com"]

[Event "Titled Tuesday Blitz July 27 2021"]
[White "Gubanov, Oleg"]
[Black "Eternauta2400"]
[WhiteFideId "14115115"]
[WhiteElo "2251"]
[BlackElo "2524"]
[Result "1-0"]
[Round "08"]
[TimeControl "180+1"]
[Date "2021.07.27"]
[WhiteClock "0:00:10"]
[BlackClock "0:01:00"]

1. e4 e5 2. Bc4 Nf6 3. d3 Bc5 4. Nf3 Nc6 5. c3 O-O 6. O-O h6 7. h3 d6 8. a4 a5 9. Be3 Bxe3 10. fxe3 Ne7 11. Qe1 Ng6 12. Nbd2 c6 13. Ba2 d5 14. exd5 cxd5 15. Qg3 Qe7 16. Rae1 Bd7 17. e4 dxe4 18. Nxe4 Nxe4 19. Rxe4 Rae8 20. Qxg6 Kh8 21. Qg3 Qc5+ 22. Qf2 Qd6 23. d4 exd4 24. Rxe8 Bxe8 25. Qxd4 Qe7 26. Re1 Qc7 27. Ne5 f6 28. Nf3 Bg6 29. Kh1 Rd8 30. Qg4 Kh7 31. Nh4 Bc2 32. Bb1 Bxb1 33. Rxb1 Qf7 34. Re1 Rd5 35. Qe4+ Kg8 36. Qe8+ Qxe8 37. Rxe8+ Kf7 38. Rb8 Rd7 39. Kg1 Ke6 40. Nf3 Kd5 41. Rc8 g5 42. Kf2 h5 43. Ke3 g4 44. hxg4 hxg4 45. Nd2 Rh7 46. Rf8 Ke5 47. Re8+ Kf5 48. Rb8 Rh2 49. Rxb7 Rxg2 50. Rb5+ Kg6 51. Rxa5 f5 52. Nc4 Rg3+ 53. Kf2 Rh3 54. Nd6 f4 55. Ne4 Rh2+ 56. Kg1 g3 57. Nxg3 fxg3 58. b4 Ra2 59. b5 Kf6 60. b6 Ke7 61. b7 1-0


[Site "https://www.chess.com"]

[Event "Titled Tuesday Blitz July 27 2021"]
[White "Haitin, Ilja"]
[Black "Vlassov, Nikolai"]
[WhiteFideId "4501764"]
[BlackFideId "4103360"]
[WhiteElo "2165"]
[BlackElo "2407"]
[Result "1/2-1/2"]
[Round "08"]
[TimeControl "180+1"]
[Date "2021.07.27"]
[WhiteClock "0:00:04"]
[BlackClock "0:00:09"]

1. d4 Nf6 2. c4 Nc6 3. Nf3 e6 4. g3 Bb4+ 5. Bd2 a5 6. Bg2 d6 7. O-O e5 8. dxe5 dxe5 9. a3 Bc5 10. Bc3 Qe7 11. e3 O-O 12. Nbd2 Bg4 13. h3 Bh5 14. g4 Bg6 15. Nh4 Rfd8 16. Nxg6 hxg6 17. Qf3 a4 18. Ne4 Nxe4 19. Qxe4 Qe6 20. Rad1 f5 21. Qf3 e4 22. Qf4 Bd6 23. Qg5 Ne5 24. gxf5 gxf5 25. Rd5 c6 26. Rd4 Be7 27. Qg3 Bf6 28. Rfd1 Rxd4 29. exd4 Nxc4 30. d5 cxd5 31. Bxf6 Qxf6 32. Rxd5 Rd8 33. Rxd8+ Qxd8 34. Qg6 Qd7 35. h4 Nxb2 36. Bh3 Qf7 37. Qb6 Nc4 38. Qd8+ Kh7 39. Qg5 Nd6 40. Qf4 Qf6 41. h5 g5 42. hxg6+ Kxg6 43. Kh2 Nf7 44. Qg3+ Qg5 45. Qc7 f4 46. Qxb7 e3 47. Qe4+ Kh6 48. Qe6+ Qg6 49. Qe8 exf2 50. Qf8+ Qg7 51. Qxg7+ Kxg7 52. Kg2 Kf6 53. Bd7 Nd6 54. Kxf2 Nc4 55. Bxa4 Ke5 56. Bc6 Nxa3 57. Ba8 Nb5 58. Kf3 Nc7 59. Bb7 Ne6 60. Kg4 Nd4 61. Ba8 Nc2 62. Bb7 Ne3+ 63. Kf3 Nf5 64. Ba8 Nd6 65. Kg4 Nf7 66. Kf3 Nh6 67. Bb7 Kf5 68. Be4+ Kg5 69. Ba8 Nf7 70. Ke4 Nd6+ 71. Kf3 Kf5 72. Bc6 Ke5 73. Ba8 Nb5 74. Kg4 Nc7 75. Bb7 Ne8 76. Kf3 Nd6 77. Ba8 Nf5 78. Kg4 Ne3+ 79. Kf3 Nc4 80. Kg4 Nb6 81. Bb7 Nd7 82. Kf3 Nf8 83. Kg4 Ne6 84. Kf3 Kd4 85. Bc8 Ke5 86. Bxe6 Kxe6 87. Kxf4 1/2-1/2


[Site "https://www.chess.com"]

[Event "Titled Tuesday Blitz July 27 2021"]
[White "Hansen, Eric"]
[Black "Sapunov, Evgeny"]
[WhiteFideId "2606771"]
[BlackFideId "4126661"]
[WhiteElo "2568"]
[BlackElo "2470"]
[Result "1-0"]
[Round "08"]
[TimeControl "180+1"]
[Date "2021.07.27"]
[WhiteClock "0:02:16"]
[BlackClock "0:02:30"]

1. c4 Nf6 2. Nc3 g6 3. e4 d6 4. d4 Bg7 5. h3 O-O 6. Nf3 a6 7. Be3 Nbd7 8. Be2 c5 9. O-O b6 10. d5 Re8 11. a3 Bb7 12. Qd2 e6 13. Rfe1 e5 14. b4 Qc7 15. Rab1 Bc8 16. Qb2 Nh5 17. Nd2 Nf4 18. Bf1 f5 19. exf5 gxf5 20. Bxf4 1-0


[Site "https://www.chess.com"]

[Event "Titled Tuesday Blitz July 27 2021"]
[White "Hasangatin, Ramil"]
[Black "Chernomordik, Pavel"]
[WhiteFideId "4122160"]
[BlackFideId "2804530"]
[WhiteElo "2375"]
[BlackElo "2273"]
[Result "1-0"]
[Round "08"]
[TimeControl "180+1"]
[Date "2021.07.27"]
[WhiteClock "0:01:54"]
[BlackClock "0:01:29"]

1. e4 g6 2. d4 Bg7 3. Nc3 d6 4. Nf3 a6 5. a4 b6 6. Bd3 Bb7 7. O-O e6 8. Bg5 Ne7 9. Re1 h6 10. Be3 O-O 11. Qd2 Kh7 12. Rad1 Nd7 13. h3 c5 14. Bf1 Nf6 15. dxc5 dxc5 16. a5 Nxe4 17. Nxe4 Bxe4 18. Qxd8 Raxd8 19. Rxd8 Rxd8 20. axb6 Rc8 21. Bxa6 Ra8 22. b7 Rb8 23. Bf4 Bxb7 24. Bxb8 Bxa6 25. Ne5 Bxe5 26. Bxe5 Nc6 27. Bc3 Kg8 28. Ra1 Bc8 29. Ra8 1-0


[Site "https://www.chess.com"]

[Event "Titled Tuesday Blitz July 27 2021"]
[White "Horak, Martin"]
[Black "cukin84"]
[WhiteFideId "367095"]
[WhiteElo "1997"]
[BlackElo "2220"]
[Result "1-0"]
[Round "08"]
[TimeControl "180+1"]
[Date "2021.07.27"]
[WhiteClock "0:00:33"]
[BlackClock "0:01:38"]

1. e4 c6 2. Nf3 d5 3. d3 Nf6 4. e5 Nfd7 5. d4 e6 6. c3 c5 7. Bd3 Nc6 8. O-O c4 9. Bc2 b5 10. Ng5 h6 11. Qh5 hxg5 12. Qxh8 Qe7 13. Qh5 g6 14. Qxg5 Qxg5 15. Bxg5 b4 16. Ba4 bxc3 17. bxc3 Bb7 18. Nd2 Nb6 19. Bc2 Kd7 20. Rab1 Bg7 21. f4 Rh8 22. g4 Rh3 23. Rf3 Rh8 24. f5 gxf5 25. gxf5 Rh5 26. h4 Bh6 27. fxe6+ fxe6 28. Rg3 Bxg5 29. hxg5 Rh8 30. g6 Rg8 31. g7 Nc8 32. Rxb7+ 1-0


[Site "https://www.chess.com"]

[Event "Titled Tuesday Blitz July 27 2021"]
[White "Ismagilov, Damir"]
[Black "Manafov, Vugar"]
[WhiteFideId "34199982"]
[BlackFideId "13410814"]
[WhiteElo "2075"]
[BlackElo "2274"]
[Result "1-0"]
[Round "08"]
[TimeControl "180+1"]
[Date "2021.07.27"]
[WhiteClock "0:00:43"]
[BlackClock "0:00:03"]

1. d4 Nf6 2. c4 e6 3. Nf3 Bb4+ 4. Bd2 a5 5. g3 O-O 6. Bg2 d5 7. Qc2 Nbd7 8. O-O c6 9. Bf4 Be7 10. Nbd2 Nh5 11. Be3 f5 12. Nb3 g5 13. cxd5 exd5 14. Nc5 Nxc5 15. dxc5 Bf6 16. Bd4 Ng7 17. Qc3 Ne6 18. e3 g4 19. Bxf6 Qxf6 20. Nd4 Ng5 21. b3 h5 22. Ne2 Qxc3 23. Nxc3 Be6 24. Ne2 h4 25. Nd4 Bd7 26. gxh4 Ne4 27. f3 Nd2 28. Rf2 Nxf3+ 29. Bxf3 gxf3 30. Rxf3 Rf7 31. Raf1 Raf8 32. Rg3+ Kh7 33. Rf4 Rg7 34. Kf2 Kh6 35. Nf3 Re7 36. Rg5 Re4 37. Nd4 Rxf4+ 38. exf4 Re8 39. Nxf5+ Bxf5 40. Rxf5 Re4 41. Rf7 a4 42. Rxb7 axb3 43. axb3 Rxf4+ 44. Kg3 Re4 45. Rb6 Kh5 46. Rxc6 Re3+ 47. Kf4 Rxb3 48. Rd6 Kxh4 49. Rh6# 1-0


[Site "https://www.chess.com"]

[Event "Titled Tuesday Blitz July 27 2021"]
[White "Jodorcovsky Werjivker, Paulo"]
[Black "Nugumanov, Bakhtiyar"]
[WhiteFideId "3700305"]
[BlackFideId "13701797"]
[WhiteElo "2142"]
[BlackElo "2262"]
[Result "0-1"]
[Round "08"]
[TimeControl "180+1"]
[Date "2021.07.27"]
[WhiteClock "0:00:09"]
[BlackClock "0:00:23"]

1. e4 e6 2. d4 d5 3. Nc3 Bb4 4. a3 Bxc3+ 5. bxc3 dxe4 6. Qg4 Nf6 7. Qxg7 Rg8 8. Qh6 Bd7 9. Bg5 Rg6 10. Qh4 Ba4 11. Ne2 Nbd7 12. Nf4 Rg8 13. Nh5 Rxg5 14. Qxg5 Nxh5 15. Qxh5 c5 16. Qxh7 Qa5 17. Qh8+ Ke7 18. Qh4+ Nf6 19. Qg3 cxd4 20. Rb1 Bc6 21. Bc4 Rg8 22. Qh3 e3 23. Rb3 Bxg2 24. Qh4 Bxh1 25. Qxd4 exf2+ 26. Qxf2 Qe5+ 27. Kd1 Bd5 28. Qxa7 Ne4 29. Bxd5 Qxd5+ 30. Kc1 Qd2+ 31. Kb2 Nd6 32. Qc5 b5 33. Qc7+ Kf6 34. Ka2 Rc8 35. Rb2 Rxc7 0-1


[Site "https://www.chess.com"]

[Event "Titled Tuesday Blitz July 27 2021"]
[White "Kalashian, David"]
[Black "Lohani, Sujana"]
[WhiteFideId "13302418"]
[BlackFideId "12311987"]
[WhiteElo "2490"]
[BlackElo "1691"]
[Result "1-0"]
[Round "08"]
[TimeControl "180+1"]
[Date "2021.07.27"]
[WhiteClock "0:01:34"]
[BlackClock "0:00:01"]

1. e4 c5 2. Nc3 g6 3. Nf3 Bg7 4. d4 cxd4 5. Nxd4 d6 6. Be3 Nf6 7. f3 O-O 8. Bc4 Nc6 9. Qd2 Bd7 10. Bb3 Rc8 11. O-O-O Ne5 12. Kb1 a6 13. g4 b5 14. h4 h5 15. Nd5 Nxd5 16. Bxd5 hxg4 17. h5 e6 18. Bb3 a5 19. hxg6 a4 20. Qh2 fxg6 21. Nxe6 axb3 22. Qh7+ Kf7 23. Nxd8+ Rfxd8 24. axb3 Rh8 25. Qxh8 Rxh8 26. Rxh8 Bxh8 27. fxg4 Nxg4 28. Rxd6 Be6 29. Bg1 Be5 30. Rb6 Bd7 31. c4 Nf6 32. c5 Nxe4 33. c6 Be6 34. c7 Nd2+ 35. Kc2 Nf3 36. Rxe6 Nd4+ 37. Kd3 Nxe6 38. c8=Q Nf4+ 39. Ke4 Bd6 40. Qd7+ 1-0


[Site "https://www.chess.com"]

[Event "Titled Tuesday Blitz July 27 2021"]
[White "Katzir, Moshe"]
[Black "Tologon tegin, Semetei"]
[WhiteFideId "2802260"]
[BlackFideId "13800574"]
[WhiteElo "2119"]
[BlackElo "2224"]
[Result "1/2-1/2"]
[Round "08"]
[TimeControl "180+1"]
[Date "2021.07.27"]
[WhiteClock "0:00:16"]
[BlackClock "0:00:05"]

1. e4 e5 2. Nc3 Nc6 3. g3 Bc5 4. Bg2 Nf6 5. Nge2 O-O 6. d3 h6 7. O-O d6 8. Na4 Bg4 9. h3 Bxe2 10. Qxe2 Nd4 11. Qd1 Ne6 12. c3 Qd7 13. b4 Bb6 14. Nxb6 axb6 15. d4 exd4 16. cxd4 d5 17. e5 Ne4 18. Be3 Qb5 19. Qb3 Ra4 20. a3 c6 21. Rfc1 f6 22. Bf1 Nxd4 23. Bxd4 Nd2 24. Qc2 Nxf1 25. Rxf1 fxe5 26. Bxe5 Rf7 27. Rfe1 Ra8 28. Bd4 Raf8 29. Re2 Qa6 30. a4 Qa8 31. Bxb6 Re8 32. Rae1 Rxe2 33. Rxe2 Qc8 34. Qg6 Qd7 35. Qe6 Qxe6 36. Rxe6 Rd7 37. Bd4 Kf7 38. Re2 Rd8 39. b5 Ra8 40. bxc6 bxc6 41. Ra2 Ke6 42. a5 Ra6 43. Bb6 Kd6 44. Rc2 Ra8 45. Kf1 Ra6 46. Ke2 Ra8 47. Kd3 Ra6 48. Kd4 Ra8 49. Bc5+ Kc7 50. Bb6+ Kd6 51. Bc5+ Kc7 52. Bb6+ Kd6 1/2-1/2


[Site "https://www.chess.com"]

[Event "Titled Tuesday Blitz July 27 2021"]
[White "Kim, Sergey"]
[Black "Arakhamia-Grant, Ketevan"]
[WhiteFideId "13700570"]
[BlackFideId "13600168"]
[WhiteElo "2549"]
[BlackElo "2177"]
[Result "1-0"]
[Round "08"]
[TimeControl "180+1"]
[Date "2021.07.27"]
[WhiteClock "0:00:45"]
[BlackClock "0:00:05"]

1. d4 Nf6 2. c4 g6 3. Nc3 Bg7 4. e4 d6 5. Nge2 O-O 6. Ng3 e5 7. d5 a5 8. Bd3 c6 9. O-O cxd5 10. cxd5 Na6 11. h3 Nc5 12. Be2 Bd7 13. Bg5 h6 14. Be3 a4 15. Qd2 Kh7 16. f4 exf4 17. Rxf4 Qe7 18. Raf1 Ng8 19. Bd4 Be5 20. Bxe5 dxe5 21. R4f2 f6 22. h4 Qd6 23. h5 Ne7 24. Bb5 Bg4 25. Be2 gxh5 26. Nxh5 Bxh5 27. Bxh5 Nd7 28. Bg4 Nc5 29. Qe3 Rf7 30. Qh3 Rg8 31. Be6 Nxe6 32. dxe6 Rfg7 33. Rxf6 Rxg2+ 34. Kh1 R2g6 35. Rf7+ R8g7 36. Rxg7+ Rxg7 37. Nxa4 Qd2 38. Nc3 1-0


[Site "https://www.chess.com"]

[Event "Titled Tuesday Blitz July 27 2021"]
[White "Kobo, Ori"]
[Black "Yilmaz, Mustafa"]
[WhiteFideId "2812320"]
[BlackFideId "6302718"]
[WhiteElo "2431"]
[BlackElo "2518"]
[Result "0-1"]
[Round "08"]
[TimeControl "180+1"]
[Date "2021.07.27"]
[WhiteClock "0:00:08"]
[BlackClock "0:00:37"]

1. Nf3 Nf6 2. c4 e6 3. g3 b6 4. Bg2 Bb7 5. O-O Be7 6. Nc3 O-O 7. d4 Ne4 8. Bd2 f5 9. Ne5 Bf6 10. Qc2 Nxc3 11. Bxc3 Bxg2 12. Kxg2 c5 13. dxc5 bxc5 14. Rfd1 Qc7 15. Nd3 e5 16. b4 cxb4 17. Bxb4 Qb7+ 18. Kg1 e4 19. Bxf8 exd3 20. Qxd3 Bxa1 21. Rxa1 Kxf8 22. Qxf5+ Kg8 23. Rb1 Qc6 24. Rd1 Qxc4 25. h4 Qf7 26. Qg4 h5 27. Qg5 Nc6 28. Rd6 Re8 29. Qd2 Ne5 30. Kg2 Nc4 0-1


[Site "https://www.chess.com"]

[Event "Titled Tuesday Blitz July 27 2021"]
[White "Koridze, Lile"]
[Black "Calderon, Zachary"]
[WhiteFideId "13612514"]
[BlackFideId "2076969"]
[WhiteElo "1978"]
[BlackElo "2237"]
[Result "1/2-1/2"]
[Round "08"]
[TimeControl "180+1"]
[Date "2021.07.27"]
[WhiteClock "0:00:51"]
[BlackClock "0:00:33"]

1. d4 d5 2. c4 e6 3. Nc3 a6 4. cxd5 exd5 5. Nf3 c6 6. Bf4 Bd6 7. e3 Bxf4 8. exf4 Bg4 9. Be2 Bxf3 10. Bxf3 Nf6 11. O-O O-O 12. Qc2 Nbd7 13. Rfe1 Re8 14. g3 Qc7 15. b4 Rxe1+ 16. Rxe1 Re8 17. Rxe8+ Nxe8 18. Nxd5 Qd6 19. Qe2 Nef6 20. Nxf6+ Nxf6 21. Qc4 g6 22. a4 h5 23. b5 axb5 24. axb5 cxb5 25. Qxb5 Qxd4 26. Qxb7 Kg7 27. h3 h4 28. Kg2 Qd6 29. Qb2 Kg8 30. Qe2 Kg7 31. Qe3 hxg3 32. fxg3 Qb4 33. g4 Qb2+ 34. Kg3 Qb8 35. Qd4 g5 36. h4 Qxf4+ 37. Qxf4 gxf4+ 38. Kxf4 Nxg4 1/2-1/2


[Site "https://www.chess.com"]

[Event "Titled Tuesday Blitz July 27 2021"]
[White "Krivonosov, Oleg"]
[Black "Pinheiro, Iung Alicio de O."]
[WhiteFideId "11600349"]
[BlackFideId "2104350"]
[WhiteElo "2469"]
[BlackElo "2481"]
[Result "1-0"]
[Round "08"]
[TimeControl "180+1"]
[Date "2021.07.27"]
[WhiteClock "0:01:58"]
[BlackClock "0:00:17"]

1. Nf3 c5 2. c4 g6 3. d4 cxd4 4. Nxd4 Nc6 5. e4 Nf6 6. Nc3 d6 7. Be2 Nxd4 8. Qxd4 Bg7 9. Be3 O-O 10. Qd2 a5 11. f3 a4 12. Rc1 Be6 13. Rc2 Qa5 14. Nd5 Qxd2+ 15. Kxd2 Bxd5 16. cxd5 a3 17. b4 Rfc8 18. Rxc8+ Rxc8 19. Rc1 Rxc1 20. Kxc1 Nd7 21. Kc2 Kf8 22. Bc1 f5 23. Bxa3 fxe4 24. fxe4 Nf6 25. Bf3 Nd7 26. Bc1 Be5 27. h3 b5 28. Be2 Nf6 29. Bxb5 Nxe4 30. a4 Nf6 31. Bc6 1-0


[Site "https://www.chess.com"]

[Event "Titled Tuesday Blitz July 27 2021"]
[White "Krysa, Leandro"]
[Black "Nogerbek, Kazybek"]
[WhiteFideId "116807"]
[BlackFideId "13710427"]
[WhiteElo "2490"]
[BlackElo "2466"]
[Result "1-0"]
[Round "08"]
[TimeControl "180+1"]
[Date "2021.07.27"]
[WhiteClock "0:00:32"]
[BlackClock "0:00:32"]

1. e4 c5 2. Nf3 Nc6 3. d4 cxd4 4. Nxd4 e5 5. Nf5 d5 6. Qxd5 Qxd5 7. exd5 Bxf5 8. dxc6 bxc6 9. Bd3 Bxd3 10. cxd3 O-O-O 11. Ke2 Ne7 12. Be3 Kb7 13. Rc1 Nd5 14. Nd2 f6 15. Nb3 Nxe3 16. fxe3 Rc8 17. Rc4 Be7 18. Rac1 Kb6 19. R1c3 Rhd8 20. g4 Rd5 21. e4 Rb5 22. Rc2 Rb4 23. Nd2 Rxc4 24. Nxc4+ Kb7 25. Na5+ Kb6 26. Nc4+ Kb7 27. h4 g6 28. Rc1 Ka6 29. Rh1 Rg8 30. Kf3 h5 31. Rg1 Bc5 32. Rg2 hxg4+ 33. Rxg4 Kb7 34. Ke2 Rh8 35. Rxg6 Rxh4 36. Rxf6 Rh2+ 37. Kd1 Bd4 38. Kc1 c5 39. a4 Rh1+ 40. Kc2 Rh2+ 41. Kb3 Rh3 42. Nd6+ Kb8 43. Kc4 Bxb2 44. Kd5 Kc7 45. Rf7+ 1-0


[Site "https://www.chess.com"]

[Event "Titled Tuesday Blitz July 27 2021"]
[White "Lauridsen, Jesper Morch"]
[Black "Diaz Perez, Michel Alejandro"]
[WhiteFideId "1401890"]
[BlackFideId "3517179"]
[WhiteElo "2317"]
[BlackElo "2337"]
[Result "0-1"]
[Round "08"]
[TimeControl "180+1"]
[Date "2021.07.27"]
[WhiteClock "0:00:06"]
[BlackClock "0:00:05"]

1. e4 c6 2. d4 d5 3. exd5 cxd5 4. c4 Nf6 5. Nc3 e6 6. Nf3 Bb4 7. cxd5 Nxd5 8. Bd2 Nc6 9. Bd3 Be7 10. Nxd5 Qxd5 11. O-O O-O 12. Bc3 Bf6 13. Re1 Rd8 14. Be4 Qh5 15. Bxc6 bxc6 16. Ne5 Qxd1 17. Raxd1 Bd7 18. Ng4 Be7 19. a3 Rab8 20. b4 Be8 21. Ne5 h5 22. Nd3 Bf6 23. Nc5 Rd5 24. Nd3 Rbd8 25. Nf4 Rf5 26. g3 g6 27. Ng2 Rfd5 28. Ne3 R5d7 29. Nc2 Kg7 30. Rc1 h4 31. Ne3 Bxd4 32. gxh4 Bxc3 33. Rxc3 Rd4 34. Rc4 Rxc4 35. Nxc4 Rd3 36. Rc1 Kf6 37. Kg2 Ke7 38. Na5 Kd6 39. Nb7+ Kc7 40. Nc5 Rxa3 41. b5 Kb6 42. Ne4 cxb5 43. Nd6 Bc6+ 44. Kg1 Rf3 45. Nc8+ Kb7 46. Nxa7 Bd7 47. Rd1 Kxa7 48. Rxd7+ Kb6 49. Kg2 Rf5 50. Kg3 b4 51. Rd8 Rb5 52. Rd7 b3 53. Rd1 b2 54. Rb1 Ka5 55. Kf3 Ka4 56. Ke2 Kb3 57. Kd2 Ka2 58. Rxb2+ Kxb2 0-1


[Site "https://www.chess.com"]

[Event "Titled Tuesday Blitz July 27 2021"]
[White "Lazavik, Denis"]
[Black "Bortnyk, Olexandr"]
[WhiteFideId "13515110"]
[BlackFideId "14120828"]
[WhiteElo "2436"]
[BlackElo "2723"]
[Result "1-0"]
[Round "08"]
[TimeControl "180+1"]
[Date "2021.07.27"]
[WhiteClock "0:00:07"]
[BlackClock "0:00:05"]

1. d4 f5 2. Nf3 Nf6 3. g3 d6 4. Bg2 g6 5. O-O Bg7 6. b3 O-O 7. Bb2 c6 8. c4 Na6 9. Qc2 d5 10. Nbd2 Kh8 11. Ne5 Be6 12. Nd3 Rc8 13. Nf3 Ne4 14. Rfd1 g5 15. Nfe5 Qe8 16. f3 Nd6 17. Nc5 Nxc5 18. dxc5 Nf7 19. Nd3 d4 20. e3 dxe3 21. Bxg7+ Kxg7 22. Re1 Nh8 23. Rxe3 Bg8 24. Rae1 Ng6 25. f4 h6 26. Bf3 g4 27. Qc3+ Kh7 28. Bd1 Rd8 29. h3 gxh3 30. Bh5 e6 31. Ne5 Rf6 32. Nxg6 Rxg6 33. Kh2 Rd7 34. Bxg6+ Qxg6 35. Rd3 Rg7 36. Red1 Bf7 37. Qe5 Qg4 38. R1d2 h5 39. Qe2 Qg6 40. Qf2 a5 41. a3 Qf6 42. Qd4 Qg6 43. Rf2 h4 44. Rff3 Qh5 45. Qf6 hxg3+ 46. Rxg3 Qe2+ 47. Kxh3 Qf1+ 48. Kh2 Qf2+ 49. Kh3 Qf1+ 50. Kh2 Qe2+ 51. Kh3 Qh5+ 52. Qh4 Qxh4+ 53. Kxh4 Bg6 54. Rg5 Re7 55. Rdg3 Rg7 56. Kh3 Kh6 57. Kg2 Rg8 58. b4 axb4 59. axb4 Rg7 60. Kf2 Rg8 61. Ke3 Kh7 62. Kd4 Kh6 63. Ke5 Kh7 64. Rxg6 Rxg6 65. Rxg6 Kxg6 66. Kxe6 Kh5 67. Kxf5 1-0


[Site "https://www.chess.com"]